 Dungeon Crawl Stone Soup version 0.22-a0-567-gff9aefc (webtiles) character file.

7065 Azzur the Poker (level 10, -5/94 HPs)
             Began as a Demonspawn Chaos Knight on June 29, 2018.
             Slain by a cyclops (36 damage)
             ... on level 9 of the Dungeon.
             The game lasted 01:08:48 (9857 turns).

Azzur the Poker (Demonspawn Chaos Knight)           Turns: 9857, Time: 01:08:49

Health: -5/94      AC: 18    Str: 23    XL:     10   Next: 83%
Magic:  0/9        EV:  8    Int: 16    God:    Xom [....*.]
Gold:   450        SH:  0    Dex: 12    Spells: 9/9 levels left

rFire    . . .     SeeInvis .   Q - +3 glaive (chaos)
rCold    . . .     Gourm    .   (shield currently unavailable)
rNeg     . . .     Faith    .   T - +0 plate armour
rPois    .         Spirit   +   (helmet restricted)
rElec    .         Reflect  .   g - scarf {Spirit}
rCorr    +         Harm     .   X - +1 pair of gloves {Str+3}
MR       +....                  S - +0 pair of boots
Stlth    ..........             (no amulet)
HPRegen  0.25/turn              m - +1 ring of protection
MPRegen  0.11/turn              M - ring of resist corrosion

@: no status effects
A: horns 1, rugged brown scales 1, clever 1, foul stench 2, low mp 1, magic
resistance 1, mutation resistance 1, nightstalker 2, robust 2, strong 2, rot
immunity, MP-powered wands
a: Renounce Religion


You were on level 9 of the Dungeon.
You worshipped Xom.
You were a beloved toy of Xom.
You were not hungry.

You visited 1 branch of the dungeon, and saw 9 of its levels.

You collected 664 gold pieces.
You spent 214 gold pieces at shops.

Inventory:

Hand Weapons
 a - a +0 falchion of chaos
 n - a +3 flail
 o - a +2 war axe of distortion
 K - a +1 spear of distortion
 L - a +2 trident of venom
 Q - a +3 glaive of chaos (weapon)
Missiles
 A - 5 tomahawks of returning (quivered)
Armour
 g - a scarf of spirit shield (worn)
 s - a scarf of cloud immunity
 C - a +0 large shield
 H - a scarf of repulsion
 I - a +1 pair of gloves
 N - a +0 cloak
 S - a +0 pair of boots (worn)
 T - a +0 plate armour (worn)
 X - a +1 pair of gloves of strength (worn)
Magical Staves
 z - an uncursed staff of poison
 R - an uncursed staff of earth
Jewellery
 m - a +1 ring of protection (left hand)
 M - a ring of resist corrosion (right hand)
Wands
 p - a wand of polymorph (12)
 y - a wand of paralysis (27)
 Y - a wand of random effects (35)
Scrolls
 b - 4 scrolls of remove curse
 e - a scroll of silence {unknown}
 f - 4 scrolls of teleportation
 h - a scroll of magic mapping
 i - a scroll of enchant weapon
 j - 2 scrolls of amnesia
 l - a scroll of enchant armour
 w - a scroll of fog
 x - a scroll of blinking {unknown}
 B - a scroll of immolation
 G - a scroll of random uselessness {unknown}
 V - a scroll of fear {unknown}
 W - a scroll of identify
Potions
 d - 2 potions of brilliance
 k - a potion of lignification
 q - a potion of flight
 r - a potion of invisibility
 t - 2 potions of agility
 u - 2 potions of curing
 v - a potion of might {unknown}
 D - 3 potions of heal wounds
 E - a potion of ambrosia
 F - a potion of berserk rage {unknown}
 J - a potion of haste
 O - a potion of degeneration {unknown}
 P - 2 potions of resistance
Comestibles
 c - 12 rations


   Skills:
 + Level 6.9 Fighting
 + Level 4.4 Long Blades
 + Level 5.8 Maces & Flails
 * Level 7.9 Polearms
 + Level 0.8 Throwing
 + Level 5.6 Armour
 + Level 3.5 Dodging
 + Level 4.6 Stealth
 + Level 4.9 Shields


You had 9 spell levels left.
You didn't know any spells.
Your spell library contained the following spells:

 Spells                   Type           Power        Failure   Level  Hunger
 Stone Arrow              Conj/Erth      #.....       100%        3    ####...
 Passwall                 Tmut/Erth      #.......     99%         2    ###....
 Lee's Rapid Deconstruct  Erth           #.........   100%        5    ######.
 Sandblast                Erth           #.....       99%         1    ##.....
 Petrify                  Tmut/Erth      #.......     100%        4    #####..


Dungeon Overview and Level Annotations

Branches:
Dungeon (9/15)             Temple (0/1) D:7             Orc (0/2) D:9
   Lair: D:8-11

Altars:
Dithmenos
Kikubaaqudgha
Xom

Shops:
D:7 :   D:9 [([

Annotations:
D:7 exclusion: ice statue


Innate Abilities, Weirdness & Mutations

You are partially covered in rugged brown scales. (AC +1, +3% HP)
You frequently emit foul miasma when damaged in melee.
You are significantly more attuned to the shadows.
You are immune to rotting.
You have a pair of small horns on your head.
Your mind is acute. (Int +2)
Your magical capacity is low. (-10% MP)
You are resistant to hostile enchantments. (MR+)
You are somewhat resistant to further mutation.
You are very robust. (+20% HP)
Your muscles are very strong. (Str +4)
You expend magic power (3 MP) to strengthen your wands.


Message History

The cyclops throws a large rock.
The large rock closely misses you.
The cyclops throws a large rock.
The large rock hits you!!
There is an open door, spattered with blood here.
You see here 2 large rocks.
There is an open door here.
You start resting.
The cyclops is too close now for your liking.
You hit the cyclops but do no damage.
The cyclops hits you but does no damage.
The cyclops looks sick.
You hit the cyclops.
The cyclops goes berserk!
The cyclops is lightly wounded.
The cyclops hits you!!!
You emit a cloud of foul miasma!
The cyclops is engulfed in dark miasma.
The cyclops is poisoned.
You open the door. The cyclops barely misses you.
There is an open door here.
The cyclops rages.
The cyclops hits you!!!
You die...
Xom howls with laughter!

#...# ## ###.# # #.# ##
#.# ####. ### ####'##
#..+. ..# #...†.# #..##.
).# # #.....# #S# #.
..######..#########....†#
#. #.
..'.............@C'.....#
. #.
..######.##########.....+
.# #. ..# #.[...# #. ###
###'#### #. #...# ##
##(##### ####+#####
#....... ####........#
#....... ..##........+
#.......


You could see a cyclops (berserk).

Vanquished Creatures
  A two-headed ogre (D:6)
  Joseph (D:8)
  Grinder (D:3)
  A hippogriff (D:8)
  4 yaks
  A wraith (D:9)
  3 hogs (D:7)
  A wyvern (D:7)
  Grum (D:8)
  A human (D:7)
  A phantom (D:8)
  An ice beast (D:8)
  3 orc warriors
  A necrophage (D:6)
  4 ogres
  4 wolves (D:8)
  A centaur (D:7)
  Blork the orc (D:6)
  4 bullfrogs
  A troll zombie (D:8)
  4 scorpions
  A howler monkey (D:7)
  6 crimson imps
  A centaur zombie (D:7)
  3 bullfrog skeletons
  6 hounds
  4 human zombies (D:8)
  3 orc priests
  A jelly (D:5)
  7 orc wizards
  Terence (D:3)
  2 human skeletons (D:8)
  Jessica (D:3)
  3 iguanas
  3 worker ants
  An ogre zombie (D:8)
  An ogre skeleton (D:8)
  A hound zombie (D:6)
  2 mummies (D:8)
  A worker ant zombie (D:9)
  12 adders
  11 gnolls
  2 shadow imps
  A white imp (D:4)
  3 oozes
  An adder zombie (D:7)
  An adder skeleton (D:4)
  A worm (D:3)
  3 dart slugs
  7 leopard geckos
  24 orcs
  A ball python (D:8)
  8 bats
  7 giant cockroaches
  4 goblins
  6 hobgoblins
  8 jackals
  A quokka (D:8)
  4 frilled lizards
  A jackal zombie (D:6)
  3 kobolds
  An orc skeleton (D:8)
  A quokka skeleton (D:7)
  3 rats
202 creatures vanquished.

Vanquished Creatures (collateral kills)
  2 yaks (D:9)
  A phantom (D:5)
  A centaur (D:4)
  A scorpion (D:5)
  3 jackals (D:4)
  A jackal skeleton (D:4)
9 creatures vanquished.

Vanquished Creatures (others)
  The ghost of busb the Fighter, a novice OgWn of Okawaru (D:7)
  A centaur skeleton (D:7)
  An orc (D:7)
3 creatures vanquished.

Grand Total: 214 creatures vanquished

Notes
Turn   | Place    | Note
-------+----------+-------------------------------------------
     0 | D:1      | Azzur the Demonspawn Chaos Knight began the quest for the Orb.
     0 | D:1      | Reached XP level 1. HP: 18/18 MP: 1/1
    65 | D:1      | Gained mutation: You are slightly more attuned to the shadows. [demonic ancestry]
    65 | D:1      | Reached XP level 2. HP: 22/24 MP: 2/2
   270 | D:1      | XOM: smoke on damage
   413 | D:1      | XOM: harmless Erth miscast
   524 | D:1      | Reached skill level 1 in Dodging
   581 | D:1      | Gained mutation: You are immune to rotting. [demonic ancestry]
   581 | D:1      | Reached XP level 3. HP: 29/30 MP: 3/3
   606 | D:1      | XOM: harmless Chrm miscast
   771 | D:1      | XOM: cloud trail
  1041 | D:2      | XOM: noise
  1140 | D:2      | XOM: potion effect (might)
  1442 | D:2      | XOM: silly message
  1521 | D:3      | Noticed Grinder
  1526 | D:3      | XOM: potion effect (magic)
  1531 | D:3      | XOM: potion effect (curing)
  1534 | D:3      | XOM: potion effect (haste)
  1541 | D:3      | Paralysed by something for 5 turns
  1580 | D:3      | Paralysed by something for 5 turns
  1590 | D:3      | Killed Grinder
  1590 | D:3      | Reached skill level 1 in Stealth
  1590 | D:3      | Reached XP level 4. HP: 10/38 MP: 4/4
  1590 | D:3      | Reached XP level 5. HP: 11/43 MP: 5/5
  2203 | D:2      | Gained mutation: You may emit foul miasma when damaged in melee. [demonic ancestry]
  2203 | D:2      | Reached XP level 6. HP: 49/49 MP: 6/6
  2414 | D:3      | Noticed Terence
  2430 | D:3      | Killed Terence
  2528 | D:3      | XOM: divination: magic mapping
  2532 | D:3      | You fall through a shaft for 3 floors!
  2558 | D:5      | Entered Level 5 of the Dungeon
  2587 | D:5      | XOM: give mutations
  2587 | D:5      | Gained mutation: You possess an exceptional clarity of mind. [Xom's grace]
  2587 | D:5      | Gained mutation: You evolve. [Xom's grace]
  2587 | D:5      | Gained mutation: Your mind is acute. (Int +2) [Xom's grace]
  2759 | D:5      | XOM: scenery: create altars
  2963 | D:5      | XOM: give mutations
  2963 | D:5      | Lost mutation: You evolve. [Xom's grace]
  2963 | D:5      | Gained mutation: You are somewhat resistant to further mutation. [Xom's grace]
  2963 | D:5      | Gained mutation: You are resistant to hostile enchantments. (MR+) [Xom's grace]
  2963 | D:5      | Gained mutation: You expend magic power (3 MP) to strengthen your wands. [Xom's grace]
  3071 | D:4      | Reached skill level 5 in Fighting
  3246 | D:4      | Gained mutation: You are significantly more attuned to the shadows. [demonic ancestry]
  3246 | D:4      | Reached XP level 7. HP: 44/56 MP: 4/7
  3393 | D:4      | XOM: cast spell 'Summon Ice Beast'
  3396 | D:4      | Reached skill level 1 in Maces & Flails
  3518 | D:4      | XOM: god gift: twisted jewelled staff {god gift}
  3686 | D:4      | XOM: give mutations
  3686 | D:4      | Gained mutation: Your mind is very acute. (Int +4) [Xom's grace]
  3686 | D:4      | Gained mutation: You are agile. (Dex +2) [Xom's grace]
  3686 | D:4      | Gained mutation: You have a pair of small horns on your head. [Xom's grace]
  3686 | D:4      | Gained mutation: You are robust. (+10% HP) [Xom's grace]
  3733 | D:4      | XOM: scenery: create altars
  3829 | D:4      | XOM: cloud trail
  3906 | D:3      | Noticed Jessica
  3911 | D:3      | Killed Jessica
  4233 | D:3      | XOM: scenery: create altars
  4493 | D:5      | XOM: summons 7 friendly demons
  4645 | D:5      | XOM: scenery: create altars
  4677 | D:5      | XOM: scenery: create altars
  5234 | D:6      | XOM: snakes to sticks
  5235 | D:6      | XOM: swap monsters
  5238 | D:6      | Reached skill level 1 in Shields
  5403 | D:6      | Gained mutation: You frequently emit foul miasma when damaged in melee. [demonic ancestry]
  5403 | D:6      | Reached XP level 8. HP: 68/68 MP: 8/8
  5441 | D:6      | Noticed a two-headed ogre
  5441 | D:6      | XOM: medium Hex miscast
  5449 | D:6      | Killed a two-headed ogre
  5449 | D:6      | Reached skill level 1 in Polearms
  5692 | D:6      | Noticed Blork the orc
  5701 | D:6      | Killed Blork the orc
  5711 | D:6      | Reached skill level 2 in Polearms
  5874 | D:6      | Gained mutation: You are partially covered in rugged brown scales. (AC +1, +3% HP) [demonic ancestry]
  5874 | D:6      | Reached XP level 9. HP: 66/77 MP: 9/9
  6017 | D:6      | Reached skill level 3 in Polearms
  6165 | D:7      | XOM: cast spell 'Metabolic Englaciation'
  6169 | D:7      | XOM: enchant monster (bad)
  6677 | D:7      | Reached skill level 4 in Polearms
  6697 | D:7      | Found a runed gate.
  6698 | D:7      | Found a runed gate.
  6698 | D:7      | Noticed busb's ghost (novice OgWn)
  6699 | D:7      | Found a runed gate.
  6701 | D:7      | Found a staircase to the Ecumenical Temple.
  6706 | D:7      | XOM: swap monsters
  6805 | D:7      | Banished busb's ghost
  6810 | D:7      | Reached skill level 5 in Polearms
  7024 | D:7      | Gained mutation: Your magical capacity is low. (-10% MP) [mutagenic glow]
  7047 | D:7      | XOM: enchant monster (good)
  7051 | D:7      | XOM: repel stairs
  7062 | D:7      | Reached skill level 5 in Maces & Flails
  7120 | D:7      | XOM: summons 1 hostile shadow creature
  7135 | D:7      | Reached XP level 10. HP: 46/87 MP: 4/9
  7327 | D:7      | XOM: mild Hex miscast
  7375 | D:7      | Noticed an ice statue
  7425 | D:7      | Found Yllex's Book Boutique.
  7445 | D:7      | Reached skill level 5 in Armour
  7657 | D:8      | XOM: enchant monster (bad)
  7700 | D:8      | Lost mutation: You are agile. (Dex +2) [potion of mutation]
  7700 | D:8      | Lost mutation: You possess an exceptional clarity of mind. [potion of mutation]
  7700 | D:8      | Lost mutation: Your mind is very acute. (Int +4) [potion of mutation]
  7700 | D:8      | Gained mutation: Your muscles are strong. (Str +2) [potion of mutation]
  7715 | D:8      | XOM: mild Air miscast
  7909 | D:8      | Noticed Grum
  7943 | D:8      | XOM: stat loss: -1 Int (15/16)
  7950 | D:8      | Killed Grum
  8250 | D:8      | Noticed Joseph
  8266 | D:8      | Killed Joseph
  8378 | D:8      | XOM: chaos upgrade
  8381 | D:8      | XOM: smoke on damage
  8583 | D:8      | Found an ancient bone altar of Kikubaaqudgha.
  8589 | D:8      | Reached skill level 6 in Polearms
  8727 | D:8      | Found a shadowy altar of Dithmenos.
  9083 | D:9      | XOM: scenery: 1 doors close
  9084 | D:9      | XOM: 2-stop teleportation journey
  9112 | D:9      | Reached skill level 7 in Polearms
  9273 | D:9      | Found a staircase to the Orcish Mines.
  9273 | D:9      | Found Zatofeuj's Armour Shop.
  9273 | D:9      | XOM: 1-stop teleportation journey
  9280 | D:9      | XOM: snakes to sticks
  9379 | D:9      | XOM: give mutations
  9379 | D:9      | Gained mutation: Your muscles are very strong. (Str +4) [Xom's grace]
  9379 | D:9      | Gained mutation: You are very robust. (+20% HP) [Xom's grace]
  9382 | D:9      | Bought a +1 pair of gloves of strength for 214 gold pieces
  9436 | D:9      | XOM: summons 4 friendly demons
  9707 | D:9      | Found Teusupla's Armour Shop.
  9708 | D:9      | XOM: god gift: 5 steel tomahawks
  9752 | D:9      | Found Fehontay's Weapon Shop.
  9838 | D:9      | Noticed a cyclops
  9857 | D:9      | Slain by a cyclops

Vault maps used:
D:1:      minmay_arrival_stair_chambers
D:2:      cheibrodos_helix_gallery
D:3:      uniq_jessica, uniq_terence, uniq_grinder
D:4:      minmay_fire_ice_demons
D:5:      first_ration
D:6:      grunt_decor_resistance, uniq_blork_the_orc
D:7:      lemuel_ice_statue, minmay_temple_entry_enclosed_plants,
          gammafunk_ghost_split, serial_shops, shop_statue, grunt_livestock
D:8:      lemuel_mausoleum_altar_kikubaaqudgha, nicolae_dithmenos_the_darkroom,
          uniq_grum, uniq_joseph
D:9:      orc_david_3, serial_shops, shop_statue, nicolae_shop_statue_plus,
          supply_closet_lemuel, uniq_erolcha

Skill      XL: |  1  2  3  4  5  6  7  8  9 10 |
---------------+-------------------------------+-----
Long Blades    | 3 4 |  4.4
Dodging        | 1 2 3 |  3.5
Fighting       | 4 5 6 |  6.9
Armour         | 2 3 4 5 |  5.6
Stealth        | 1 2 3 4 |  4.6
Maces & Flails | 3 4 5 |  5.8
Shields        | 1 2 3 4 |  4.9
Polearms       | 2 5 7 |  7.9
Throwing       | |  0.8

Action                   |  1- 3 |  4- 6 |  7- 9 | 10-12 || total
-------------------------+-------+-------+-------+-------++-------
Melee: Falchion          |   107 |    76 |       |       ||   183
       Flail             |       |    21 |   182 |       ||   203
       Headbutt          |       |       |    54 |    42 ||    96
       Spear             |       |       |   171 |       ||   171
       Glaive            |       |       |       |   138 ||   138
       Trident           |       |       |       |   113 ||   113
Throw: Javelin           |     5 |       |       |       ||     5
       Tomahawk          |       |       |     3 |     2 ||     5
  Use: Scroll            |     6 |     4 |     7 |       ||    17
       Potion            |     3 |     2 |     3 |     6 ||    14
 Stab: Sleeping          |     2 |     5 |    13 |       ||    20
       Confused          |     1 |     1 |     1 |       ||     3
       Distracted        |     1 |       |     1 |       ||     2
       Invisible         |       |     2 |       |       ||     2
  Eat: Chunk             |     2 |     5 |     7 |     9 ||    23
       Ration            |       |       |     2 |       ||     2
Armor: Leather armour    |    43 |     7 |       |       ||    50
       Skin              |     3 |       |       |     5 ||     8
       Scale mail        |       |    27 |    74 |       ||   101
       Plate armour      |       |       |    59 |   148 ||   207
Dodge: Dodged            |    46 |    50 |    58 |    40 ||   194
Block: Large shield      |       |       |   162 |    92 ||   254
       Rpst.: Falchion   |     8 |    13 |       |       ||    21

Table legend:
 A = Spawn XP
 B = Non-spawn XP
 C = Spawn XP percentage of total XP
 D = Spawn monster count
 E = Non-spawn monster count
 F = Spawn count percentage of total count
 G = Total turns spent on level
                    A         B        C        D         E        F      G
               +---------+---------+-------+---------+---------+-------+---------
         Total |       0 |   10094 |   0.0 |       0 |     213 |   0.0 |  9857
               +---------+---------+-------+---------+---------+-------+---------
           D:1 |       0 |      48 |   0.0 |       0 |      22 |   0.0 |  1050
           D:2 |       0 |      63 |   0.0 |       0 |      15 |   0.0 |   832
           D:3 |       0 |     403 |   0.0 |       0 |      18 |   0.0 |  1064
           D:4 |       0 |     336 |   0.0 |       0 |      27 |   0.0 |   865
           D:5 |       0 |     503 |   0.0 |       0 |      17 |   0.0 |  1390
           D:6 |       0 |    1594 |   0.0 |       0 |      19 |   0.0 |   960
           D:7 |       0 |    2792 |   0.0 |       0 |      33 |   0.0 |  1492
           D:8 |       0 |    2692 |   0.0 |       0 |      40 |   0.0 |  1393
           D:9 |       0 |    1663 |   0.0 |       0 |      22 |   0.0 |   811
               +---------+---------+-------+---------+---------+-------+---------
